 Dungeon Crawl Stone Soup version 0.30-a0-149-g7f746667c4 (webtiles) character file.

Game seed: 17716437702350553230

6842 porpoise the Grappler (level 10, -11/101 (102) HPs)
             Began as a Troll Warper on Sept 26, 2022.
             Was a Priest of Ru.
             Mangled by a sun demon (12 damage)
             ... summoned by a kobold demonologist
             ... on level 10 of the Dungeon on Sept 27, 2022.
             The game lasted 00:32:34 (8712 turns).

porpoise the Grappler (Troll Warper)                Turns: 8712, Time: 00:32:35

HP:   -11/101 (102) AC: 10    Str: 24    XL:     10   Next: 78%
MP:   10/10         EV:  9    Int:  9    God:    Ru [***...]
Gold: 609           SH:  0    Dex: 13    Spells: 11/11 levels left

rFire   . . .      SeeInvis .      - Unarmed
rCold   . . .      Faith    .    (no shield)
rNeg    . . .      Spirit   .    a - +0 acid dragon scales
rPois   .          Reflect  .    (helmet restricted)
rElec   +          Harm     .    u - +0 cloak
rCorr   +          Rampage  .    (gloves unavailable)
Will    .....                    (boots unavailable)
Stlth   ..........               B - amulet of the acrobat
HPRegen 1.06/turn                j - ring of flight
MPRegen 0.12/turn                c - ring "Rehiowk" {rElec Str+3 Slay+4 Stlth-}

@: extremely horrified, flying, slowed, lightly drained, very slow
A: large, unfitting armour, claws 3, regeneration 1, shaggy fur 1, tough skin 1,
inability to use devices, cowardly
a: Renounce Religion, Draw Out Power


You were on level 10 of the Dungeon.
You worshipped Ru.
Ru was most pleased with you.
You visited 2 branches of the dungeon, and saw 11 of its levels.
You also visited: Ossuary.

You collected 609 gold pieces.

Inventory:

Hand Weapons
 b - a +2 shortbow of freezing
 w - a +0 sling
 x - a +1 spectral quarterstaff
 I - a +0 sling
 S - a +2 morningstar of protection
Missiles
 e - 43 poisoned darts (quivered)
 q - 7 boomerangs
 H - 2 curare-tipped darts
 L - 7 boomerangs of dispersal
Armour
 a - +0 acid dragon scales (worn)
 n - an orb of mayhem
 u - a +0 cloak (worn)
 J - a +0 robe of cold resistance
Magical Staves
 l - a staff of cold
Jewellery
 c - the ring "Rehiowk" (right claw) {rElec Str+3 Slay+4 Stlth-}
   (You found it on level 8 of the Dungeon)

   [ring of slaying]

   Str:       It affects your strength (+3).
   Slay:      It affects your accuracy & damage with ranged weapons and melee
   (+4).
   rElec:     It insulates you from electricity.
   Stlth:     It makes you less stealthy.
 j - a ring of flight (left claw)
 A - an amulet of faith
 B - an amulet of the acrobat (around neck)
 E - an amulet of reflection
 K - a ring of see invisible
 O - a ring of protection from cold
 Q - a ring of ice
Scrolls
 k - 3 scrolls of blinking
 p - 7 scrolls of teleportation
 r - a scroll of poison
 t - a scroll of noise {unknown}
 y - a scroll of enchant weapon
 C - a scroll of fear
 D - 2 scrolls of immolation
 G - a scroll of fog
 M - 2 scrolls of magic mapping
 P - a scroll of vulnerability {unknown}
 R - a scroll of brand weapon {unknown}
Potions
 d - 2 potions of berserk rage
 f - 2 potions of brilliance
 g - 5 potions of heal wounds
 h - 9 potions of lignification
 i - 5 potions of invisibility
 m - 2 potions of mutation
 o - 5 potions of curing
 s - 4 potions of ambrosia
 v - a potion of magic
 z - 2 potions of attraction
 F - 2 potions of might


   Skills:
 - Level 7.0 Fighting
 - Level 0.8 Throwing
 + Level 4.0 Armour
 - Level 1.9 Dodging
 * Level 13.6 Unarmed Combat
 - Level 1.2 Spellcasting
 - Level 2.1 Translocations


You had 11 spell levels left.
You didn't know any spells.
Your spell library contained the following spells:

 Spells                   Type           Power      Damage    Failure   Level
 Blink                    Tloc           4%         N/A       26%         2
 Magic Dart               Conj           0%         1d3       41%         1
 Shock                    Conj/Air       0%         1d3       41%         1
 Gell's Gravitas          Tloc           2%         N/A       47%         3
 Lesser Beckoning         Tloc           2%         N/A       47%         3
 Teleport Other           Tloc           2%         N/A       47%         3
 Call Imp                 Summ           0%         N/A       56%         2
 Ensorcelled Hibernation  Hex/Ice        0%         N/A       56%         2
 Passwall                 Tmut/Erth      0%         N/A       56%         2
 Mephitic Cloud           Conj/Pois/Air  0%         N/A       80%         3
 Swiftness                Air            0%         N/A       80%         3
 Manifold Assault         Tloc           2%         N/A       87%         4
 Airstrike                Air            0%         2d(0-16)  99%         4


Dungeon Overview and Level Annotations

Branches:
Dungeon (10/15)            Temple (1/1) D:6         Ossuary (visited)
   Lair: D:8-11         Orc: D:9-12

Altars:
Ashenzari
Cheibriados
Dithmenos
Elyvilon
Fedhas
Gozag
Hepliaklqana
Kikubaaqudgha
Nemelex Xobeh
Okawaru
Qazlal
Ru
Sif Muna
Trog
Uskayaw
Vehumet
Wu Jian
Xom
Yredelemnul
Zin
The Shining One

Shops:
D:8 [


Innate Abilities, Weirdness & Mutations

You are too large for most types of armour.
You have claws for hands.
Your natural rate of healing is unusually fast.
You are covered in fur. (AC +1)
You have tough skin. (AC +1)
You cannot study or use magical devices.
Your cowardice makes you less effective in combat with threatening foes.


Message History

You feel better.
The kobold brigand hits you with a +0 short sword.
The kobold brigand barely misses you.
The kobold demonologist casts a spell.
You claw the kobold demonologist!
The kobold demonologist is moderately wounded.
The kobold brigand hits you but does no damage.
The kobold demonologist mumbles some strange words.
You reel with horror at the sight of these foes!
You closely miss the kobold demonologist.
The kobold demonologist is moderately wounded.
The kobold brigand hits you but does no damage.
The kobold demonologist gestures wildly while chanting.
The white imp hits you but does no damage.
You mangle the kobold demonologist!!
The kobold demonologist is almost dead.
The sun demon hits you!!
You are engulfed in flames!
* * * LOW HITPOINT WARNING * * *
The kobold demonologist barely misses you.
The kobold brigand hits you with a +0 short sword.
* * * LOW HITPOINT WARNING * * *
The white imp gestures at you. The puff of frost hits you!
* * * LOW HITPOINT WARNING * * *
The iron imp hits you.
* * * LOW HITPOINT WARNING * * *
You focus your inner power and blind the iron imp in retribution!
You barely miss the kobold demonologist.
The kobold demonologist is almost dead.
The sun demon hits you but does no damage.
The kobold demonologist hits you with a +0 dagger.
* * * LOW HITPOINT WARNING * * *
The kobold brigand hits you but does no damage.
The white imp gestures at you. The puff of frost hits you.
* * * LOW HITPOINT WARNING * * *
The sun demon hits you!
* * * LOW HITPOINT WARNING * * *
You are engulfed in flames!
You die...

#.#.#.# #...# #.#.#.#
#...# #
######.#.#.######...#.#
.....................>#
#.....##.#.#######.####
#.....'..#.#######.#######
#.....####.##..........[..
#.....####.##..55..###....
...........##..3@....<....
.###.########.)KK5.......
.# #.....................
.############..##........
..........###..##........
#########......##........
.# ######../.#.##.....#'#
.# #...........# .#+#.# .#
#....#.##.###


You could see a sun demon (summoned), a kobold demonologist, a kobold brigand,
an iron imp (summoned, blind) and 2 white imps.

Vanquished Creatures
  A deep elf pyromancer (D:8)
  Maggie (D:8)
  A kobold demonologist (D:10)
  A troll (D:8)
  A hornet (D:7)
  4 wyverns
  4 yaks (D:9)
  A shadow (D:10)
  Eustachio (D:6)
  A water moccasin (D:8)
  5 orc warriors (D:8)
  An ice beast (D:7)
  An ogre (D:7)
  A centaur (D:8)
  5 kobold brigands
  11 bullfrogs
  3 scorpions
  5 wights
  5 killer bees (D:8)
  An electric eel (D:6)
  5 howler monkeys
  5 hounds
  7 orc priests
  Crazy Yiuf (D:3)
  A gnoll bouda (D:8)
  2 jellies
  An iguana (D:4)
  Terence (D:2)
  11 orc wizards
  Natasha (thrice) (D:4)
  2 mummies (Ossuary)
  Robin (D:2)
  5 gnolls (D:8)
  9 adders
  A river rat (D:3)
  A shadow imp (D:6)
  3 white imps
  An ufetubus (D:4)
  8 adder zombies (Ossuary)
  3 worms
  3 dart slugs
  40 orcs
  11 ball pythons
  4 bats
  10 endoplasms
  7 giant cockroaches
  10 goblins
  7 hobgoblins
  2 jackals (D:3)
  20 kobolds
  2 quokkas
  A frilled lizard (D:1)
  8 hobgoblin zombies (Ossuary)
  2 kobold zombies (Ossuary)
  3 orc zombies (Ossuary)
  7 rats
262 creatures vanquished.

Notes
Turn   | Place    | Note
-------+----------+-------------------------------------------
     0 | D:1      | porpoise the Troll Warper began the quest for the Orb.
     0 | D:1      | Reached XP level 1. HP: 19/19 MP: 1/1
    35 | D:1      | Reached XP level 2. HP: 28/28 MP: 2/2
   442 | D:1      | Reached skill level 3 in Unarmed Combat
   605 | D:1      | Found a faded altar of an unknown god.
   861 | D:2      | Reached XP level 3. HP: 35/35 MP: 3/3
  1107 | D:2      | Noticed Terence
  1116 | D:2      | Killed Terence
  1117 | D:2      | Reached XP level 4. HP: 39/44 MP: 4/4
  1178 | D:2      | Noticed Robin
  1191 | D:2      | Killed Robin
  1192 | D:2      | Reached skill level 4 in Unarmed Combat
  1595 | D:3      | Reached XP level 5. HP: 50/50 MP: 5/5
  1826 | D:3      | You fall into a shaft and drop 3 floors!
  1873 | D:5      | Entered Level 5 of the Dungeon
  1905 | D:5      | Reached skill level 5 in Unarmed Combat
  1974 | D:5      | Found a sacrificial altar of Ru.
  2187 | D:5      | Reached XP level 6. HP: 34/61 MP: 6/6
  2496 | D:3      | Found a runed translucent door.
  2497 | D:3      | Noticed Crazy Yiuf
  3117 | D:3      | Killed Crazy Yiuf
  3251 | D:4      | Noticed Natasha
  3258 | D:4      | Killed Natasha
  3265 | D:4      | Reached skill level 6 in Unarmed Combat
  3305 | D:4      | Upgraded the game from 0.30-a0-141-g30f27751c5 to
                  | 0.30-a0-149-g7f746667c4
  3455 | D:4      | Found a sparkling altar of Nemelex Xobeh.
  3579 | D:4      | Noticed Natasha
  3588 | D:4      | Killed Natasha
  3589 | D:4      | Reached XP level 7. HP: 64/68 MP: 7/7
  3684 | D:4      | Noticed Natasha
  3690 | D:4      | Killed Natasha
  4430 | D:6      | Reached skill level 7 in Unarmed Combat
  4516 | D:6      | Found a staircase to the Ecumenical Temple.
  4527 | Temple   | Entered the Ecumenical Temple
  4608 | D:5      | Became a worshipper of Ru the Awakened
  4760 | D:6      | Noticed Eustachio
  4774 | D:6      | Killed Eustachio
  4775 | D:6      | Reached XP level 8. HP: 71/79 MP: 8/8
  4916 | D:6      | Reached skill level 8 in Unarmed Combat
  5121 | D:7      | Found a sand-covered staircase.
  5126 | Ossuary  | Entered an ossuary
  5210 | Ossuary  | Reached skill level 5 in Fighting
  5327 | D:7      | Noticed a hornet
  5333 | D:7      | Killed a hornet
  5340 | D:7      | Reached skill level 9 in Unarmed Combat
  5650 | D:7      | Gained mutation: You cannot study or use magical devices.
                  | [Ru sacrifice]
  5650 | D:7      | Reached * piety under Ru
  5650 | D:7      | Reached ** piety under Ru
  5810 | D:7      | Reached XP level 9. HP: 43/89 MP: 9/9
  6051 | D:8      | Reached skill level 10 in Unarmed Combat
  6153 | D:8      | Found a blossoming altar of Fedhas.
  6360 | D:8      | Found Ruicrew's Antique Armour Emporium.
  6409 | D:8      | Noticed Maggie
  6422 | D:8      | Killed Maggie
  6423 | D:8      | Reached skill level 11 in Unarmed Combat
  7228 | D:8      | Reached skill level 1 in Armour
  7249 | D:8      | Reached XP level 10. HP: 102/102 MP: 10/10
  7256 | D:8      | Noticed a deep elf pyromancer
  7262 | D:8      | Reached skill level 12 in Unarmed Combat
  7264 | D:8      | Killed a deep elf pyromancer
  7273 | D:8      | Identified the ring "Rehiowk" {rElec Str+3 Slay+4 Stlth-}
  7760 | D:9      | Reached skill level 13 in Unarmed Combat
  7927 | D:9      | Found a basalt altar of Yredelemnul.
  7932 | D:9      | Found an opulent altar of Gozag.
  7933 | D:9      | Found a bloodstained altar of Trog.
  7938 | D:9      | Gained mutation: Your cowardice makes you less effective in
                  | combat with threatening foes. [Ru sacrifice]
  7938 | D:9      | Reached *** piety under Ru
  7991 | D:9      | Found a hide-covered altar of Uskayaw.
  7991 | D:9      | Found an iron altar of Okawaru.
  8196 | D:9      | Found an ancient bone altar of Kikubaaqudgha.
  8301 | D:10     | Entered Level 10 of the Dungeon
  8374 | D:10     | Found a broken altar of Ashenzari.
  8710 | D:10     | Noticed a sun demon
  8712 | D:10     | HP: 1/101 [sun demon[a kobold demonologist] (7)]
  8712 | D:10     | Mangled by a sun demon

Illustrated notes

Levels and vault maps discovered:
D:1:      shiori_shiawase, layout_loops_ring, ebering_ecumenical_altar_mist,
          minmay_pentomino_w4
D:2:      layout_loops_ring, uniq_robin, uniq_terence
D:3:      layout_loops_corners, portal_sewer_entry_e, uniq_crazy_yiuf_cottage
D:4:      layout_basic, nemelex_dance_club_becter, uniq_natasha
D:5:      layout_basic, nicolae_ru_path_of_blood, kennysheep_windowed_goal
D:6:      layout_rooms, minmay_temple_entry_gardened_gates, serial_bayou_ford_a,
          uniq_eustachio
D:7:      layout_basic, nicolae_ossuary_entry_plus
D:8:      kennysheep_windowed_halls, layout_basic, mainiacjoe_overflow_24_doors,
          serial_shops, nicolae_take_the_stairs, uniq_maggie
D:9:      layout_basic, chequers_temple_overflow_statue_of_worship,
          kiku_gazebo_pond_becter, minitemple, item_on_display_a
D:10:     layout_basic, cheibrodos_ashenzari_chains,
          mainiacjoe_overflow_catwalk, minmay_misc_feat_columns
Temple:   hellmonk_temple_of_storms

Skill      XL: |  1  2  3  4  5  6  7  8  9 10 |
---------------+-------------------------------+-----
Fighting       | 2 3 4 5 7 |  7.0
Unarmed Combat | 3 4 5 6 7 9 11 13 | 13.6
Armour         | 1 4 |  4.0
Throwing       | |  0.8
Dodging        | |  1.9
Spellcasting   | |  1.2
Translocations | |  2.1

Action                   |  1- 3 |  4- 6 |  7- 9 | 10-12 || total
-------------------------+-------+-------+-------+-------++-------
Melee: Unarmed           |    85 |   215 |   318 |    94 ||   712
       Punch             |     2 |     7 |    16 |     4 ||    29
       Quarterstaff      |       |       |       |    16 ||    16
 Fire: Sling             |       |       |    34 |       ||    34
       Shortbow          |       |       |     3 |     5 ||     8
Invok: Sacrifice Artific |       |       |     1 |       ||     1
       Sacrifice Courage |       |       |       |     1 ||     1
  Use: Potion            |       |     5 |       |     1 ||     6
       Scroll            |       |     2 |    10 |     3 ||    15
 Stab: Sleeping          |       |     2 |     1 |       ||     3
       Distracted        |       |       |     2 |       ||     2
Armor: Robe              |    20 |    61 |    48 |       ||   129
       Skin              |       |    26 |       |       ||    26
       Acid dragon scale |       |       |    12 |    32 ||    44
Dodge: Dodged            |    32 |    89 |   156 |    44 ||   321

Table legend: (Time is in decaauts)
 A = Elapsed time spent in this place.
 B = Non-inter-level travel time spent in this place.
 C = Inter-level travel time spent in this place.
 D = Time resting spent in this place.
 E = Time spent auto-exploring this place.
 F = Levels seen in this place.
 G = Mean time per level.
                   A        B        C        D        E       F      G
               +--------+--------+--------+--------+--------+-----+--------+
         Total |   8620 |   8186 |    434 |    935 |   5343 |  12 |  718.3 |
       Dungeon |   8413 |   7986 |    427 |    935 |   5319 |  10 |  841.3 |
        Temple |     40 |     33 |      7 |      0 |     24 |   1 |   40.0 |
       Ossuary |    166 |    166 |      0 |      0 |      0 |   1 |  166.0 |
               +--------+--------+--------+--------+--------+-----+--------+

Top non-repeatable levels by time:
     D:8: 1528 daAuts
     D:3: 1129 daAuts
     D:5: 974 daAuts
     D:7: 829 daAuts
     D:1: 814 daAuts
     D:4: 777 daAuts
     D:2: 665 daAuts
     D:9: 646 daAuts
     D:6: 642 daAuts
    D:10: 405 daAuts
 Ossuary: 166 daAuts
  Temple: 40 daAuts
